Map: Blackpink LE

Players

Maru - Winner!

  • Race: Terran Terran
  • Spawn Location: 7:00

Scarlett

  • Race: Zerg Zerg
  • League: Master
  • Spawn Location: 1:00

Event: WESG 2017 Haikou

VOD

Have the link to the VOD?

Description

Time

  • Played on: March 16, 2018, 3:35 a.m.
  • Length: 9:02

All games in this series

Show
View Real Time Build Order
Export as new Build Order

Maru Terran - Winner!

Build Orders: Reaper Expand, MMM Bio 

Get SALT Encoding   

  12  0:00  SCV  
  13  0:13  SCV  
  14  0:17  Supply Depot  
  14  0:25  SCV  
  15  0:39  SCV  
  15  0:41  Barracks  
  16  0:44  Refinery  
  16  0:51  SCV  
  17  1:03  SCV  
  18  1:15  SCV  
  19  1:27  Orbital Command  
  19  1:28  Reaper  
  20  1:40  Command Center  
  20  1:51  Barracks  
  20  1:53  SCV  
  21  2:02  Barracks Reactor  
  21  2:05  SCV  
  22  2:09  Supply Depot  
  22  2:18  SCV  
  23  2:24  Bunker  
  23  2:30  SCV, Factory  
  24  2:39  Marine  
  24  2:40  Refinery  
  24  2:42  Marine  
  24  2:43  Barracks Tech Lab  
  25  2:48  SCV  
  25  2:56  Marine  
  25  3:00  Marine  
  25  3:01  SCV  
  27  3:08  Marine  
  27  3:12  Stimpack  
  28  3:15  SCV  
  28  3:17  Marine  
  28  3:18  Marine  
  29  3:26  Marine  
  30  3:27  SCV  
  31  3:34  Marine  
  31  3:36  Orbital Command  
  31  3:39  SCV  
  33  3:48  Starport  
  33  3:50  Factory Reactor  
  33  3:53  Marine  
  34  3:55  SCV  
  34  4:01  Marine x2  
  37  4:07  SCV  
  38  4:12  Supply Depot  
  38  4:13  Marine  
  38  4:15  SCV  
  40  4:19  SCV  
  40  4:21  Marine x2  
  43  4:28  SCV  
  44  4:31  SCV  
  44  4:33  Medivac x2  
  44  4:35  Supply Depot  
  44  4:37  Factory Tech Lab  
  49  4:40  SCV  
  49  4:44  Marine x2  
  52  4:46  SCV  
  52  4:50  Marine  
  52  4:52  SCV, Engineering Bay  
  54  4:58  SCV  
  55  5:00  Supply Depot  
  55  5:05  Marine  
  55  5:06  Marine  
  57  5:08  Marine  
  57  5:11  SCV x2  
  57  5:12  Combat Shields, Barracks  
  60  5:18  Engineering Bay  
  60  5:23  SCV  
  60  5:25  SCV, Supply Depot  
  60  5:27  Terran Infantry Weapons Level 1  
  62  5:30  Marine  
  62  5:31  Marine  
  62  5:35  SCV  
  65  5:37  Siege Tank  
  65  5:40  SCV  
  69  5:47  SCV  
  70  5:52  SCV  
  70  5:53  Terran Infantry Armor Level 1  
  70  5:56  Marine  
  69  5:57  Marine  
  69  5:59  SCV  
  69  6:02  Marine  
  71  6:04  SCV  
  71  6:09  Barracks Reactor  
  62  6:11  Command Center  
  62  6:16  Marine x2, Medivac  
  66  6:18  Refinery  
  66  6:19  Refinery  
  66  6:20  Marine  
  66  6:22  SCV x2  
  69  6:29  Medivac  
  71  6:34  SCV, Marine x2  
  71  6:38  Marine  
  73  6:42  SCV  
  73  6:45  Supply Depot  
  70  6:47  Marine x2, Supply Depot  
  70  6:51  Marine  
  70  6:52  Marine  
  70  6:53  Armory  
  74  6:56  Marine  
  74  6:57  SCV x2  
  77  7:05  Marine  
  77  7:06  Marine  
  77  7:07  Medivac x2  
  83  7:09  Marine x2  
  83  7:14  Marine  
  86  7:17  Siege Tank  
  86  7:18  Barracks  
  86  7:19  Barracks  
  86  7:22  SCV x2  
  91  7:23  Marine  
  91  7:24  Orbital Command  
  91  7:25  Marine  
  93  7:30  Marine x2  
  93  7:35  Marine  
  96  7:37  Medivac  
  96  7:41  Marine  
  96  7:43  Marine, Medivac  
  102  7:46  SCV  
  102  7:48  Orbital Command, Marine  
  104  7:54  SCV  
  104  7:58  SCV  
  106  8:00  Marine  
  106  8:01  Supply Depot  
  106  8:02  Marine x2  
  109  8:08  Supply Depot  
  109  8:11  SCV  
  109  8:12  Medivac  
  108  8:14  Marine, Barracks Reactor  
  108  8:15  Marine, Barracks Reactor  
  108  8:17  Siege Tank  
  109  8:23  SCV x3, Marine x2  
  114  8:28  Marine  
  114  8:32  Marine  
  114  8:33  Marine  
  113  8:35  SCV x2  
  113  8:38  SCV  
  113  8:40  Marine x2  
Show
View Real Time Build Order
Export as new Build Order

Scarlett Zerg 

Build Orders: Pool First 

Get SALT Encoding   

  12  0:00  Drone  
  13  0:09  Drone  
  14  0:14  Extractor  
  14  0:15  Drone  
  14  0:31  Spawning Pool  
  13  0:36  Drone  
  14  0:44  Overlord  
  14  0:52  Extractor, Drone  
  15  1:02  Drone  
  16  1:18  Metabolic Boost, Zergling x4  
  18  1:19  Zergling x2  
  19  1:29  Zergling x2  
  20  1:42  Hatchery  
  19  1:52  Queen  
  21  1:56  Drone  
  21  2:01  Overlord  
  22  2:20  Zergling x4  
  24  2:23  Zergling x2  
  24  2:27  Queen  
  27  2:35  Zergling x2  
  27  2:52  Zergling x2  
  27  2:54  Drone  
  29  2:59  Drone  
  29  3:01  Drone  
  30  3:06  Drone x2  
  30  3:08  Drone  
  30  3:09  Drone  
  31  3:23  Drone x2  
  32  3:29  Drone  
  32  3:33  Drone  
  34  3:38  Overlord  
  34  3:40  Overlord  
  34  3:42  Drone, Extractor  
  34  3:46  Drone  
  35  3:48  Hatchery  
  35  3:49  Drone  
  35  3:55  Queen  
  35  3:56  Drone x4  
  41  4:03  Drone  
  41  4:08  Drone  
  41  4:09  Drone x4  
  47  4:13  Overlord  
  47  4:17  Drone  
  47  4:18  Drone  
  49  4:26  Evolution Chamber  
  49  4:27  Queen  
  50  4:37  Overlord  
  51  4:38  Drone  
  51  4:39  Drone x3  
  51  4:41  Spore Crawler  
  53  4:47  Drone  
  53  4:51  Zerg Ground Armor Level 1  
  54  4:56  Baneling Nest  
  53  5:03  Drone x4  
  53  5:05  Zergling x2  
  53  5:06  Zergling x4  
  60  5:11  Zergling x2  
  60  5:12  Zergling x6  
  64  5:16  Queen, Zergling x2  
  64  5:17  Queen  
  64  5:20  Overlord  
  69  5:25  Lair  
  69  5:27  Drone x2  
  71  5:29  Drone  
  72  5:41  Zergling x14  
  72  5:42  Drone x2  
  61  6:05  Drone x9  
  61  6:08  Queen  
  63  6:11  Queen  
  63  6:15  Zergling x2  
  63  6:22  Zergling x8  
  67  6:30  Zergling x4  
  69  6:38  Overlord  
  69  6:39  Centrifical Hooks  
  62  6:43  Zergling x8  
  62  6:44  Queen  
  62  6:45  Zerg Melee Weapons Level 1  
  67  6:47  Queen x2  
  67  6:52  Baneling  
  67  6:53  Baneling x4  
  71  7:02  Drone x5  
  71  7:03  Drone x2  
  71  7:04  Extractor  
  77  7:11  Extractor, Evolution Chamber  
  77  7:14  Extractor, Spire  
  77  7:15  Drone x3  
  76  7:19  Drone x3  
  76  7:20  Drone, Queen  
  82  7:23  Drone  
  82  7:25  Overlord  
  82  7:27  Drone x2  
  85  7:30  Zergling x4  
  85  7:31  Zergling x2  
  88  7:40  Zergling x4  
  88  7:44  Zergling x2  
  88  7:52  Zergling x4  
  88  7:53  Queen x2, Zergling x2  
  88  7:55  Queen  
  97  8:00  Zergling x2  
  97  8:04  Overlord x2  
  97  8:05  Overlord x2  
  92  8:19  Zergling x2  
  96  8:20  Zergling x10  
  96  8:22  Baneling x6  
  96  8:24  Zergling x4  
  96  8:25  Zergling x6  
  88  8:35  Zergling x10  
  78  8:43  Zergling x6  
Tags
 
Add a new tag
Caveats
  • Supply blocks, unpowered buildings, or Contaminate may cause inaccurate times.
  • Supply counts are checked every 10 seconds.